 Dungeon Crawl Stone Soup version 0.21-a0-91-ga5031da (webtiles) character file.

137490 MackTheKnife the Thaumaturge (level 16, -2/143 HPs)
             Began as a Pale Draconian Ice Elementalist on June 30, 2017.
             Was the Champion of Vehumet.
             Shot with a bolt by a naga sharpshooter (33 damage)
             ... on level 3 of the Snake Pit.
             The game lasted 01:43:47 (38141 turns).

MackTheKnife the Thaumaturge (DrIE)                Turns: 38141, Time: 01:43:49

Health: -2/143     AC: 18    Str: 10    XL:     16   Next: 69%
Magic:  5/34       EV: 21    Int: 19    God:    Vehumet [******]
Gold:   2190       SH:  5    Dex: 16    Spells: 11/43 levels left

rFire    + . .     SeeInvis .   a - +3 mace "Plojy" {elec, rElec rF+ rC+ Stlth+}
rCold    + . .     Gourm    .   y - +0 buckler
rNeg     . . .     Faith    .   (armour unavailable)
rPois    .         Spirit   .   C - +2 hat {MR+}
rElec    +         Reflect  .   k - +2 cloak {MR+}
rCorr    .         Harm     .   Q - +1 pair of gloves
MR       +++..                  F - +1 pair of boots
Stlth    +++.......             W - amulet of magic regeneration
HPRegen  0.33/turn              P - +3 ring of evasion
MPRegen  0.49/turn              K - ring of wizardry {Wiz+, !d}

@: lethally poisoned (-2 -> -3), short of breath
A: breathe steam, unfitting armour, cold-blooded, AC +9
a: Breathe Steam, Renounce Religion


You were on level 3 of the Snake Pit.
You worshipped Vehumet.
Vehumet was exalted by your worship.
You were not hungry.

You visited 5 branches of the dungeon, and saw 27 of its levels.
You also visited: Ossuary.

You collected 2829 gold pieces.
You spent 639 gold pieces at shops.

Inventory:

Hand Weapons
 a - the +3 mace "Plojy" (weapon) {elec, rElec rF+ rC+ Stlth+}
   (You found it on level 12 of the Dungeon)

   Occasionally, upon striking a foe, it will discharge some electrical energy
   and cause terrible harm.
   It protects you from fire.
   It protects you from cold.
   It insulates you from electricity.
   It makes you more stealthy.
Missiles
 H - 2 throwing nets {=f, !d}
Armour
 k - a +2 cloak of magic resistance (worn)
   (You took it off Maurice on level 2 of the Orcish Mines)
 y - a +0 buckler (worn)
   (You took it off a spriggan on level 6 of the Lair of Beasts)
 C - a +2 hat of magic resistance (worn)
   (You bought it in a shop on level 2 of the Orcish Mines)
 F - a +1 pair of boots (worn)
   (You found it on level 4 of the Lair of Beasts)
 Q - a +1 pair of gloves (worn)
   (You found it on level 9 of the Dungeon)
Magical Staves
 b - an uncursed staff of fire {rF+}
   (You found it on level 12 of the Dungeon)
Jewellery
 n - an uncursed ring of see invisible {sInv, !d}
   (You found it on level 2 of the Dungeon)
 r - an uncursed ring of protection from fire {rF+, !d}
   (You found it on level 3 of the Dungeon)
 s - an uncursed ring of ice {rC+, rF-}
   (You found it in an ossuary)
 K - a ring of wizardry (right hand) {Wiz+, !d}
   (You found it on level 7 of the Dungeon)
 P - a +3 ring of evasion (left hand)
   (You found it on level 9 of the Dungeon)
 T - an uncursed amulet of regeneration {+regen, !d}
   (You found it on level 12 of the Dungeon)
 W - an amulet of magic regeneration (around neck)
   (You found it on level 1 of the Lair of Beasts)
Wands
 I - a wand of iceblast (0/15)
   (You found it on level 7 of the Dungeon)
 J - a wand of digging (5/24)
   (You found it on level 11 of the Dungeon)
 Y - a wand of paralysis (5/24)
   (You found it on level 1 of the Lair of Beasts)
 Z - a wand of disintegration (14/24)
   (You took it off a naga on level 2 of the Snake Pit)
Scrolls
 g - 12 scrolls of teleportation
 o - 6 scrolls of identify
 t - 5 scrolls of magic mapping {!r}
 w - a scroll of enchant weapon
 x - 2 scrolls of silence
 z - 9 scrolls of remove curse
 L - 2 scrolls of blinking {!r}
 N - a scroll of amnesia
 O - 7 scrolls of recharging
 U - 4 scrolls of fear
 X - 2 scrolls of fog
Potions
 e - 3 potions of mutation {!q}
 h - 4 potions of brilliance
 i - a potion of resistance
 l - a potion of flight
 m - 3 potions of invisibility
 p - 7 potions of curing
 q - a potion of lignification {!q}
 u - 5 potions of agility
 v - 9 potions of heal wounds
 A - 2 potions of cancellation
 B - 7 potions of haste
 D - 4 potions of ambrosia
 E - 4 potions of might
 G - a potion of magic {unknown}
Books
 j - the Volume of Lucky Conjuration
   (You found it on level 3 of the Snake Pit)

   Spells                             Type                      Level
   a - Infusion                       Charms                       1
   b - Shroud of Golubria             Charms/Translocation         2
   c - Conjure Flame                  Conjuration/Fire             3
   d - Fulminant Prism                Conjuration/Hexes            4
   e - Iskenderun's Mystic Blast      Conjuration                  4
   f - Bolt of Cold                   Conjuration/Ice              6
Miscellaneous
 M - a lamp of fire (inert)
   (You found it on level 14 of the Dungeon)
 V - a phial of floods (inert)
   (You found it on level 1 of the Snake Pit)
Comestibles
 c - 32 fruits
 d - 13 meat rations {@e2}
 f - 24 royal jellies
 R - a bread ration {@e1}


   Skills:
 - Level 13.0 Fighting
   Level 4.9 Short Blades
 - Level 6.4 Maces & Flails
 - Level 8.1 Dodging
 - Level 1.7 Stealth
 - Level 4.0 Shields
 - Level 14.0 Spellcasting
 + Level 12.3 Conjurations
 - Level 5.3 Charms
 - Level 6.4 Summonings
 - Level 5.4 Necromancy
 + Level 12.7 Fire Magic
 - Level 5.7 Ice Magic


You had 11 spell levels left.
You knew the following spells:

 Your Spells              Type           Power        Failure   Level  Hunger
a - Throw Icicle          Conj/Ice       #####...     1%          4    None
b - Summon Ice Beast      Ice/Summ       #####...     1%          4    None
c - Conjure Flame         Conj/Fire      ######..     1%          3    None
d - Bolt of Magma         Conj/Fire/Erth #####.....   1%          5    ####...
f - Fireball              Conj/Fire      ######....   1%          5    ####...
r - Regeneration          Chrm/Necr      ####......   1%          3    None
s - Sticky Flame          Conj/Fire      ######..     1%          4    None
A - Animate Dead          Necr           N/A          1%          4    None


Dungeon Overview and Level Annotations

Branches:
Dungeon (15/15)            Temple (1/1) D:5            Lair (6/6) D:10
 Shoals (0/4) Lair:4        Snake (3/4) Lair:3        Slime (0/5) Lair:6
    Orc (2/2) D:12            Elf (0/3) Orc:2        Vaults (0/5) D:13
 Depths (0/5) D:15

Altars:
Ashenzari
Cheibriados
Dithmenos
Elyvilon
Fedhas
Gozag
Hepliaklqana
Kikubaaqudgha
Makhleb
Nemelex Xobeh
Okawaru
Qazlal
Ru
Sif Muna
Trog
Uskayaw
Vehumet
Wu Jian
Xom
Yredelemnul
Zin
The Shining One
Beogh
Jiyva

Shops:
D:4 *   D:10 }   Orc:2 *[(?

Portals:
Trove: D:14 (give 21 scrolls of identify)

Annotations:
D:6 Eustachio
D:15 Rupert


Innate Abilities, Weirdness & Mutations

You can breathe blasts of scalding, opaque steam.
Your pale cyan-grey scales are hard. (AC +9)
You cannot fit into any form of body armour.
You are cold-blooded and may be slowed by cold attacks.


Message History

You block the splash of poison.
Aim: a naga sharpshooter, wielding a scimitar (catching its breath)
The fireball explodes!
The fireball engulfs the naga sharpshooter.
You hear a shout! x2
The naga sharpshooter unwields an uncursed scimitar.
The naga sharpshooter wields an uncursed longbow.
The naga sharpshooter shoots an arrow.
The arrow hits you!
You take 13 damage, and have 109/143 hp.
You now have 29/34 mp.
Aim: a naga sharpshooter, wielding a longbow (lightly wounded, catching its breath)
The bolt of magma hits the naga sharpshooter.
You now have 25/34 mp.
Aim: a naga sharpshooter, wielding a longbow (heavily wounded)
Okay, then.
Firing (i - inventory): No suitable missiles.
Aim: a naga sharpshooter, wielding a longbow (heavily wounded)
Okay, then.
Aim: a naga sharpshooter, wielding a longbow (heavily wounded)
You exhale a blast of scalding steam.
You feel slightly more hungry.
No target in view!
A naga sharpshooter comes into view. It is wielding a scimitar.
The fireball explodes!
The fireball engulfs the naga sharpshooter. x2
You now have 21/34 mp.
Unknown command.
The fireball explodes!
The fireball engulfs the naga sharpshooter. x2
The naga sharpshooter spits poison at you.
The splash of poison misses you.
The naga sharpshooter shoots an arrow.
The arrow hits you!
You take 9 damage, and have 102/143 hp.
You now have 17/34 mp.
Unknown command.
The fireball explodes!
The fireball engulfs the naga sharpshooter. x2
The naga sharpshooter unwields an uncursed scimitar.
The naga sharpshooter wields an uncursed arbalest.
The naga sharpshooter casts a spell.
The naga sharpshooter magically shoots a bolt.
The bolt hits you!
The naga sharpshooter gestures wildly while chanting.
The naga sharpshooter magically shoots an arrow.
The arrow hits you!!
A naga sharpshooter comes into view. It is wielding a war axe.
You take 39 damage, and have 63/143 hp.
MASSIVE DAMAGE!!
You now have 12/34 mp.
The fireball explodes!
The fireball engulfs the naga sharpshooter.
You kill the naga sharpshooter!
Vehumet accepts your kill.
You feel your power returning.
The fireball engulfs the naga sharpshooter. x2
You kill the naga sharpshooter!
Vehumet accepts your kill.
You feel your power returning.
Aim: a naga sharpshooter, wielding a war axe (moderately wounded)
The bolt of magma misses the naga sharpshooter.
You have got your breath back.
You now have 8/34 mp.
Aim: a naga sharpshooter, wielding a war axe (moderately wounded)
You exhale a blast of scalding steam.
The ball of steam hits the naga sharpshooter.
You feel somewhat more hungry.
The naga sharpshooter is engulfed in a cloud of scalding steam.
The naga sharpshooter unwields an uncursed war axe.
The naga sharpshooter wields an uncursed arbalest.
The naga sharpshooter gestures wildly while chanting.
The naga sharpshooter magically shoots a bolt.
The bolt hits you!
You take 10 damage, and have 54/143 hp.
Aim: a naga sharpshooter, wielding an arbalest (steam, heavily wounded)
The fireball explodes!
The fireball engulfs the naga sharpshooter.
The naga sharpshooter spits poison at you.
The splash of poison hits you!
You are poisoned.
You now have 4/34 mp.
You don't have enough magic to cast that spell.
Okay, then.
Unknown command.
Unknown command.
Unknown command.
You don't have enough magic to cast that spell.
You can't do that yet.
Unknown command.
Unknown command.
You feel sick.
The naga sharpshooter gestures wildly while chanting.
The naga sharpshooter magically shoots a bolt.
The bolt hits you!!
* * * LOW HITPOINT WARNING * * *
There is an open door, spattered with blood here.
Items here: ( ) [ †† 2 bolts; a dagger of venom; a robe; a naga corpse; a black mamba corpse You take 24 damage, and have 31/143 hp.
The naga sharpshooter gestures wildly while chanting.
The naga sharpshooter magically shoots a bolt.
The bolt hits you!!
You die...

###.... #....##...)##..##....##
....... #....##....)...##....##
....... #....##........##....##
.....≈. #....##........##....##
.....§.##§...##........##....##
.....N§S≈.N)...................
###..######§#########Z###......
... #.(##....##..##...... .
#..(@.....'..##.....#
#..##....##..###.####
#..##=...##..###'####
#..^'....##..##....##
#####....##..##....##
######'#########'####
#..###.#########.####
#..##....÷.)÷##.....)
#...'...(....))......


You could see a naga sharpshooter.

Vanquished Creatures
  Gastronok (Lair:3)
  A nagaraja (Snake:2)
  Azrael (Orc:1)
  The ghost of dricus the Severer, a journeyman HOFi of Okawaru (D:11)
  Snorg (Lair:3)
  Fannar (Lair:2)
  An ettin (Orc:2)
  7 naga warriors
  5 hydras
  11 two-headed ogres
  3 catoblepae
  2 centaur warriors
  5 anacondas
  The ghost of dricus the Basher, a novice DsAK of Lugonu (D:10)
  3 orc high priests (Orc:2)
  2 shock serpents
  5 naga sharpshooters
  2 wizards (D:13)
  6 skeletal warriors
  3 unseen horrors
  Pikel (D:7)
  4 naga ritualists
  6 mana vipers
  8 orc knights
  15 ugly things
  4 orc sorcerers (Orc:2)
  A wolf spider (D:15)
  3 manticores (D:15)
  2 guardian serpents (Snake:2)
  6 salamanders
  7 cyclopes
  9 naga magi
  8 elephants (Lair:6)
  27 black mambas
  A gargoyle (D:15)
  5 spiny frogs
  6 komodo dragons
  A kobold demonologist (D:8)
  An efreet (D:14)
  6 trolls
  7 polar bears
  A tengu conjurer (D:15)
  3 meliai (Lair:5)
  A queen bee (Lair:5)
  7 slime creatures
  3 hornets (Lair:6)
  13 blink frogs
  10 dream sheep
  16 hippogriffs
  A wraith (D:12)
  2 shadows
  7 wyverns
  A human (D:12)
  Sigmund (D:4)
  48 yaks
  13 spriggans (Lair:6)
  4 basilisks
  2 fire elementals (Orc:1)
  Grum (D:9)
  6 vampire mosquitoes
  6 wargs
  34 nagas
  An acid dragon (D:13)
  16 porcupines
  Duvessa (D:4)
  4 hell hounds
  25 orc warriors
  15 water moccasins
  A sky beast (D:6)
  4 slaves (D:7)
  6 black bears
  3 phantoms
  5 ice beasts
  15 ogres
  5 boggarts (Lair:6)
  28 wolves
  11 centaurs
  10 crocodiles
  18 big kobolds
  12 bullfrogs
  Dowan (D:4)
  13 scorpions
  A water moccasin skeleton (D:4)
  32 killer bees
  9 wights
  A bullfrog zombie (D:5)
  3 howler monkeys
  6 centaur zombies
  7 crimson imps
  3 quasits
  4 centaur skeletons
  7 hounds
  2 jellies
  2 human zombies (Ossuary)
  3 bullfrog skeletons
  26 orc priests
  Crazy Yiuf (D:4)
  A gnoll shaman (D:6)
  4 iguanas
  25 orc wizards
  Natasha (thrice) (D:4)
  10 worker ants
  4 big kobold zombies (Ossuary)
  A hound skeleton (D:7)
  3 mummies (Ossuary)
  13 gnolls
  2 scorpion zombies (Ossuary)
  16 adders
  2 shadow imps
  An ooze (D:3)
  3 adder skeletons
  3 worms
  A dart slug (D:2)
  4 leopard geckos
  80 orcs
  8 bats
  6 giant cockroaches
  2 gnoll zombies (Ossuary)
  9 goblins
  20 hobgoblins
  10 jackals
  3 quokkas
  3 ball pythons
  7 frilled lizards
  A giant cockroach zombie (D:5)
  29 kobolds
  A kobold zombie (Ossuary)
  A leopard gecko skeleton (D:5)
  2 orc zombies (Ossuary)
  10 rats
  A fungus (Lair:6)
960 creatures vanquished.

Vanquished Creatures (collateral kills)
  A hydra (Lair:5)
  A naga sharpshooter (Snake:3)
  A naga ritualist (Snake:2)
  A mana viper (Snake:2)
  2 salamanders
  An orc sorcerer (Orc:2)
  An elephant (Lair:6)
  Maurice (Orc:2)
  3 black mambas (Snake:2)
  2 naga magi (Snake:3)
  A slime creature (D:15)
  A wraith (D:15)
  2 nagas (Snake:3)
  A water moccasin (Lair:6)
  2 orc warriors (D:15)
  A centaur (D:11)
  A big kobold (D:8)
  2 howler monkeys (D:10)
  2 crimson imps
  A jelly (D:11)
  2 orc priests
  2 orc wizards
  An iguana (D:6)
  A shadow imp (D:12)
  A kobold (D:8)
35 creatures vanquished.

Vanquished Creatures (others)
  A naga (Snake:3)
  A scorpion (Ossuary)
  2 kobold zombies (Ossuary)
  22 fungi
  14 plants
40 creatures vanquished.

Grand Total: 1035 creatures vanquished

Notes
Turn   | Place    | Note
-------+----------+-------------------------------------------
     0 | D:1      | MackTheKnife the Draconian Ice Elementalist began the quest for the Orb.
     0 | D:1      | Reached XP level 1. HP: 14/14 MP: 3/3
   274 | D:1      | Reached XP level 2. HP: 20/20 MP: 0/5
   295 | D:1      | Learned a level 2 spell: Throw Frost
  1150 | D:1      | Reached XP level 3. HP: 26/26 MP: 6/6
  1501 | D:2      | Found a hazy altar of Hepliaklqana.
  1693 | D:2      | Found a shattered altar of Ashenzari.
  2143 | D:2      | Reached skill level 4 in Ice Magic
  2180 | D:2      | Reached XP level 4. HP: 33/33 MP: 8/8
  2207 | D:2      | Reached skill level 2 in Conjurations
  2507 | D:3      | Reached skill level 3 in Spellcasting
  2599 | D:3      | Found a white marble altar of Elyvilon.
  2606 | D:3      | Noticed an ogre
  2830 | D:3      | HP: 7/34 [orc/flail (7)]
  2999 | D:3      | Reached skill level 1 in Fighting
  3027 | D:3      | Killed an ogre
  3027 | D:3      | Reached skill level 2 in Fighting
  3027 | D:3      | Reached skill level 2 in Short Blades
  3027 | D:3      | Reached XP level 5. HP: 42/42 MP: 0/9
  3547 | D:3      | Noticed an ogre
  3571 | D:3      | Killed an ogre
  3571 | D:3      | Reached skill level 3 in Fighting
  3571 | D:3      | Reached XP level 6. HP: 37/51 MP: 0/10
  3728 | D:4      | Reached skill level 3 in Short Blades
  3761 | D:4      | Noticed Sigmund
  3776 | D:4      | Killed Sigmund
  3776 | D:4      | Reached skill level 4 in Fighting
  3879 | D:4      | Your scales start taking on a pale cyan-grey colour.
  3879 | D:4      | Reached XP level 7. HP: 56/60 MP: 11/11
  3943 | D:4      | Reached skill level 4 in Short Blades
  4005 | D:4      | Noticed Duvessa
  4034 | D:4      | Killed Duvessa
  4034 | D:4      | Reached skill level 5 in Fighting
  4050 | D:4      | Noticed Dowan
  4302 | D:4      | Found a glowing silver altar of Zin.
  4367 | D:4      | Noticed Natasha
  4371 | D:4      | Killed Natasha
  4394 | D:4      | Found a runed door.
  4436 | D:4      | Noticed Natasha
  4444 | D:4      | Killed Natasha
  4447 | D:4      | Found Egimekue's Serpentskin Sales.
  4452 | D:4      | Reached skill level 2 in Dodging
  4455 | D:4      | Reached skill level 6 in Fighting
  4455 | D:4      | Reached XP level 8. HP: 58/70 MP: 9/12
  4596 | D:4      | Reached skill level 3 in Dodging
  4615 | D:4      | Noticed Natasha
  4617 | D:4      | Killed Natasha
  4651 | D:4      | Found a deep blue altar of Sif Muna.
  4688 | D:4      | Killed Dowan
  4810 | D:4      | Noticed Crazy Yiuf
  4813 | D:4      | Killed Crazy Yiuf
  4851 | D:5      | Entered Level 5 of the Dungeon
  4996 | D:5      | Noticed a hippogriff
  5006 | D:5      | Killed a hippogriff
  5006 | D:5      | Reached skill level 7 in Fighting
  5006 | D:5      | Reached skill level 4 in Dodging
  5377 | D:5      | Found a staircase to the Ecumenical Temple.
  5386 | Temple   | Entered the Ecumenical Temple
  5412 | Temple   | Became a worshipper of Vehumet
  5762 | D:6      | Got a jewelled hunting sling
  5870 | D:6      | Noticed Eustachio
  5999 | D:6      | Found a bloodstained altar of Trog.
  6073 | D:6      | Reached skill level 8 in Fighting
  6073 | D:6      | Reached skill level 5 in Dodging
  6340 | D:6      | Reached XP level 9. HP: 75/81 MP: 11/14
  6472 | D:6      | Identified the +10 hunting sling of Jejeq {flame, rPois rC+ SInv} (You found it on level 6 of the Dungeon)
  6484 | D:6      | Learned a level 4 spell: Throw Icicle
  6505 | D:6      | Reached skill level 3 in Conjurations
  6761 | D:7      | Reached skill level 4 in Spellcasting
  6793 | D:7      | Reached skill level 5 in Ice Magic
  6909 | D:7      | Reached * piety under Vehumet
  6909 | D:7      | Offered knowledge of Sandblast by Vehumet.
  7158 | D:7      | Reached skill level 4 in Conjurations
  7436 | D:7      | Learned a level 4 spell: Summon Ice Beast
  7607 | D:7      | Reached skill level 5 in Spellcasting
  7607 | D:7      | Reached skill level 1 in Summonings
  7614 | D:7      | Noticed Pikel
  7683 | D:7      | Killed Pikel
  7683 | D:7      | Reached skill level 2 in Summonings
  7883 | D:8      | Found a sparkling altar of Nemelex Xobeh.
  7903 | D:8      | Reached skill level 3 in Summonings
  7908 | D:8      | Found a stormy altar of Qazlal.
  7914 | D:8      | Found a basalt altar of Yredelemnul.
  7962 | D:8      | Reached skill level 6 in Spellcasting
  7962 | D:8      | Reached XP level 10. HP: 79/88 MP: 13/19
  8007 | D:8      | Found a sand-covered staircase.
  8082 | Ossuary  | Entered an ossuary
  8308 | Ossuary  | Offered knowledge of Sting by Vehumet.
  8328 | Ossuary  | Reached ** piety under Vehumet
  8354 | Ossuary  | Reached skill level 4 in Summonings
  8571 | D:8      | Noticed a two-headed ogre
  8584 | D:8      | Killed a two-headed ogre
  8584 | D:8      | Reached skill level 7 in Spellcasting
  8584 | D:8      | Reached skill level 5 in Summonings
  8699 | D:8      | Noticed a two-headed ogre
  8709 | D:8      | Killed a two-headed ogre
  8864 | D:8      | Noticed an unseen horror
  8866 | D:8      | Killed an unseen horror
  8866 | D:8      | Reached skill level 6 in Summonings
  9198 | D:8      | Reached skill level 8 in Spellcasting
  9209 | D:8      | Offered knowledge of Stone Arrow by Vehumet.
  9466 | D:8      | Reached skill level 9 in Spellcasting
  9572 | D:8      | Noticed a two-headed ogre
  9585 | D:8      | Killed a two-headed ogre
  9585 | D:8      | Reached XP level 11. HP: 94/94 MP: 7/24
  9636 | D:8      | Found a burning altar of Makhleb.
  9649 | D:8      | Reached *** piety under Vehumet
  9693 | D:8      | Learned a level 5 spell: Fireball
  9818 | D:8      | Noticed a two-headed ogre
  9823 | D:8      | Killed a two-headed ogre
  9823 | D:8      | Reached skill level 1 in Fire Magic
  9983 | D:8      | Reached skill level 5 in Conjurations
  9983 | D:8      | Reached skill level 2 in Fire Magic
 10136 | D:9      | Reached skill level 3 in Fire Magic
 10155 | D:9      | Offered knowledge of Fulminant Prism by Vehumet.
 10286 | D:9      | Noticed Grum
 10297 | D:9      | Killed Grum
 10544 | D:9      | Reached skill level 4 in Fire Magic
 10766 | D:9      | Reached skill level 6 in Conjurations
 11119 | D:9      | Reached **** piety under Vehumet
 11140 | D:9      | Offered knowledge of Mephitic Cloud by Vehumet.
 11482 | D:9      | Learned a level 3 spell: Conjure Flame
 11487 | D:9      | Learned a level 4 spell: Sticky Flame
 11491 | D:9      | Learned a level 3 spell: Regeneration
 11533 | D:10     | Entered Level 10 of the Dungeon
 11594 | D:10     | Reached skill level 5 in Fire Magic
 11808 | D:10     | Noticed dricus's ghost (novice DsAK)
 11816 | D:10     | Reached skill level 7 in Conjurations
 11946 | D:10     | Killed dricus's ghost
 11946 | D:10     | Reached skill level 6 in Fire Magic
 11948 | D:10     | Noticed a two-headed ogre
 12340 | D:10     | Killed a two-headed ogre
 13210 | D:10     | Reached skill level 7 in Fire Magic
 13281 | D:10     | Noticed an unseen horror
 13301 | D:10     | Killed an unseen horror
 13301 | D:10     | Reached skill level 8 in Conjurations
 13301 | D:10     | Reached XP level 12. HP: 83/102 MP: 3/25
 13422 | D:10     | Found a staircase to the Lair.
 13431 | D:10     | Found Etaqowk's Gadget Shoppe.
 13507 | Lair:1   | Entered Level 1 of the Lair of Beasts
 14152 | Lair:2   | Learned a level 4 spell: Animate Dead
 14234 | Lair:2   | Reached skill level 1 in Necromancy
 14239 | Lair:2   | Noticed Fannar
 14246 | Lair:2   | Killed Fannar
 14246 | Lair:2   | Reached skill level 2 in Necromancy
 14903 | Lair:2   | Reached skill level 3 in Necromancy
 15104 | Lair:3   | Reached skill level 10 in Spellcasting
 15376 | Lair:3   | Noticed Snorg
 15398 | Lair:3   | HP: 21/102 [Snorg (18)]
 15399 | Lair:3   | HP: 7/102 [Snorg (14)]
 15401 | Lair:3   | Killed Snorg
 15401 | Lair:3   | Reached skill level 4 in Necromancy
 15736 | Lair:3   | Noticed Gastronok
 15750 | Lair:3   | Killed Gastronok
 15750 | Lair:3   | Reached skill level 5 in Necromancy
 16743 | Lair:3   | Noticed a catoblepas
 16760 | Lair:3   | Killed a catoblepas
 16760 | Lair:3   | Reached skill level 9 in Fighting
 16760 | Lair:3   | Reached skill level 6 in Dodging
 16839 | Lair:3   | Found a staircase to the Snake Pit.
 16860 | Lair:3   | Reached ***** piety under Vehumet
 16865 | Lair:3   | Offered knowledge of Poison Arrow by Vehumet.
 17185 | Lair:4   | Reached XP level 13. HP: 86/111 MP: 17/27
 17368 | Lair:4   | Found a staircase to the Shoals.
 17811 | Lair:4   | Reached skill level 7 in Dodging
 17812 | Lair:4   | Reached skill level 10 in Fighting
 18835 | Lair:5   | Found a stormy altar of Qazlal.
 18868 | Lair:5   | Reached skill level 8 in Dodging
 18901 | Lair:5   | Reached skill level 11 in Fighting
 19042 | Lair:5   | Reached skill level 1 in Charms
 19315 | Lair:6   | Entered Level 6 of the Lair of Beasts
 19346 | Lair:6   | Reached skill level 11 in Spellcasting
 19346 | Lair:6   | Reached skill level 2 in Charms
 19694 | Lair:6   | Reached skill level 3 in Charms
 19860 | Lair:6   | Reached skill level 4 in Charms
 19868 | Lair:6   | Offered knowledge of Lee's Rapid Deconstruction by Vehumet.
 20164 | Lair:6   | Reached XP level 14. HP: 80/124 MP: 23/29
 20165 | Lair:6   | Reached skill level 5 in Charms
 20409 | Lair:6   | Reached skill level 12 in Spellcasting
 20409 | Lair:6   | Reached skill level 8 in Fire Magic
 20710 | Lair:6   | Found a viscous altar of Jiyva.
 20710 | Lair:6   | Found a staircase to the Slime Pits.
 20890 | Lair:6   | Reached skill level 9 in Conjurations
 21721 | D:11     | Noticed dricus's ghost (journeyman HOFi)
 21739 | D:11     | Killed dricus's ghost
 22127 | D:11     | Reached skill level 9 in Fire Magic
 22555 | D:11     | Offered knowledge of Bolt of Cold by Vehumet.
 22749 | D:11     | Learned a level 5 spell: Bolt of Magma
 23206 | D:12     | Found a staircase to the Orcish Mines.
 23309 | D:12     | Reached skill level 10 in Conjurations
 23403 | D:12     | Reached skill level 10 in Fire Magic
 23661 | D:12     | Got a blackened mace
 23662 | D:12     | Identified the +3 mace "Plojy" {elec, rElec rF+ rC+ Stlth+} (You found it on level 12 of the Dungeon)
 23871 | D:12     | Reached skill level 1 in Maces & Flails
 23871 | D:12     | Reached skill level 2 in Maces & Flails
 24390 | Orc:1    | Entered Level 1 of the Orcish Mines
 24611 | Orc:1    | Reached skill level 3 in Maces & Flails
 24804 | Orc:1    | Found a roughly hewn altar of Beogh.
 24880 | Orc:2    | Entered Level 2 of the Orcish Mines
 24886 | Orc:2    | Noticed Azrael
 25158 | Orc:2    | Found a staircase to the Elven Halls.
 25289 | Orc:1    | Killed Azrael
 25531 | Orc:2    | Reached skill level 4 in Maces & Flails
 25775 | Orc:2    | Noticed Maurice
 25836 | Orc:2    | Reached skill level 5 in Maces & Flails
 25841 | Orc:2    | Offered knowledge of Bolt of Fire by Vehumet.
 25869 | Orc:2    | Killed Maurice
 25906 | Orc:2    | Reached XP level 15. HP: 129/129 MP: 15/31
 26232 | Orc:2    | Reached skill level 6 in Maces & Flails
 26417 | Orc:2    | Found Neng's Magic Scroll Emporium.
 26417 | Orc:2    | Found Rewyog's Antique Weapon Emporium.
 26418 | Orc:2    | Found Ruwkuin's Armour Shop.
 26418 | Orc:2    | Found Ufauhog's General Store.
 26429 | Orc:2    | Bought a +2 hat of magic resistance for 231 gold pieces
 26444 | Orc:2    | Bought a scroll of identify for 32 gold pieces
 26444 | Orc:2    | Bought a scroll of identify for 32 gold pieces
 26444 | Orc:2    | Bought a scroll of identify for 32 gold pieces
 26447 | Orc:2    | Bought a scroll of magic mapping for 56 gold pieces
 26447 | Orc:2    | Bought a scroll of teleportation for 48 gold pieces
 26457 | Orc:2    | Bought a scroll of fog for 32 gold pieces
 27205 | Orc:2    | Bought a scroll of enchant armour for 120 gold pieces
 27205 | Orc:2    | Bought a scroll of fear for 56 gold pieces
 28118 | D:13     | Reached skill level 13 in Spellcasting
 28129 | D:13     | Found a gate to the Vaults.
 28240 | D:14     | Found a portal to a secret trove of treasure.
 28512 | D:14     | Reached ****** piety under Vehumet
 28880 | D:14     | Offered knowledge of Ozocubu's Refrigeration by Vehumet.
 28883 | D:14     | Reached skill level 11 in Fire Magic
 29049 | D:14     | Reached skill level 11 in Conjurations
 29169 | D:14     | Found a sacrificial altar of Ru.
 29414 | D:15     | Entered Level 15 of the Dungeon
 30122 | D:15     | Noticed Rupert
 30474 | D:15     | Found a staircase to the Depths.
 31498 | Snake:1  | Entered Level 1 of the Snake Pit
 31503 | Snake:1  | Reached skill level 1 in Shields
 31720 | Snake:1  | Reached skill level 2 in Shields
 32280 | Snake:1  | Reached skill level 3 in Shields
 32529 | Snake:1  | Reached skill level 4 in Shields
 32571 | Snake:1  | Offered knowledge of Conjure Ball Lightning by Vehumet.
 32571 | Snake:1  | Reached XP level 16. HP: 137/137 MP: 10/33
 33158 | Snake:2  | Reached skill level 12 in Fighting
 33401 | Snake:2  | HP: 34/139 [poisoned by a naga ritualist (toxic radiance)]
 33407 | Snake:2  | HP: 31/139 [poisoned by a naga ritualist (toxic radiance)]
 33413 | Snake:2  | HP: 29/139 [poisoned by a naga ritualist (toxic radiance)]
 33418 | Snake:2  | HP: 29/139 [poisoned by a naga ritualist (toxic radiance)]
 33425 | Snake:2  | HP: 29/139 [poisoned by a naga ritualist (toxic radiance)]
 33433 | Snake:2  | HP: 30/139 [poisoned by a naga ritualist (toxic radiance)]
 34232 | Snake:2  | HP: 33/141 [naga ritualist/lance of force (23)]
 34238 | Snake:2  | HP: 34/141 [poisoned by a naga ritualist (splash of poison)]
 34243 | Snake:2  | HP: 33/141 [poisoned by a naga ritualist (splash of poison)]
 34249 | Snake:2  | HP: 33/141 [poisoned by a naga ritualist (splash of poison)]
 34257 | Snake:2  | HP: 33/141 [poisoned by a naga ritualist (splash of poison)]
 35055 | Snake:2  | Reached skill level 13 in Fighting
 36255 | Snake:2  | Reached skill level 12 in Fire Magic
 36266 | Snake:2  | Reached skill level 14 in Spellcasting
 36279 | Snake:2  | HP: 34/143 [naga warrior/scimitar (13)]
 36284 | Snake:2  | HP: 21/143 [poisoned by a naga warrior (splash of poison)]
 36290 | Snake:2  | HP: 19/143 [poisoned by a naga warrior (splash of poison)]
 36297 | Snake:2  | HP: 18/143 [poisoned by a naga warrior (splash of poison)]
 36304 | Snake:2  | HP: 18/143 [poisoned by a naga warrior (splash of poison)]
 36312 | Snake:2  | HP: 19/143 [poisoned by a naga warrior (splash of poison)]
 36858 | Snake:3  | HP: 22/143 [naga warrior/hand axe (20)]
 36865 | Snake:3  | HP: 19/143 [poisoned by a naga warrior (splash of poison)]
 36873 | Snake:3  | HP: 20/143 [poisoned by a naga warrior (splash of poison)]
 37405 | Snake:3  | Identified the Volume of Lucky Conjuration
 37544 | Snake:3  | Reached skill level 12 in Conjurations
 38140 | Snake:3  | HP: 31/143 [naga sharpshooter/bolt (23)]
 38141 | Snake:3  | Shot with a bolt by a naga sharpshooter

Vault maps used:
D:1:      sevenhm_arrival_forest_fort_small_3, minmay_misc_feat_cross,
          minmay_cupped
D:2:      lemuel_crystal_altar, evilmike_ruin_ashenzari, minmay_domino_2
D:3:      nicolae_overflow_hidden_temple
D:4:      lemuel_round_altar, nicolae_overflow_crystal_walls, first_bread,
          guppyfry_shop_venom, uniq_duvessa, uniq_sigmund,
          uniq_crazy_yiuf_cottage, uniq_natasha
D:5:      temple_fountains
D:6:      trog_ov_bears_minmay, uniq_eustachio
D:7:      grunt_ogre_cave, uniq_pikel
D:8:      old_standard_altar, grunt_temple_overflow_open, special_room,
          lightli_ossuary_entry_decrepit_ruins
D:9:      kennysheep_housing_project, uniq_grum
D:10:     grunt_lair_entry_orc_guard_hut, serial_shops, shop
D:12:     erik_orc_4, kennysheep_kite_vault
D:13:     david_vaults_1, minivault_5
D:14:     nicolae_trove_entry_crossroad, nicolae_ru_sacrificial_ziggurat
D:15:     hangedman_depths_entry_try_elsewhere_first, uniq_rupert
Temple:   minmay_temple_bridge_abc
Lair:2:   lemuel_fruit_tree, uniq_fannar
Lair:3:   minmay_snake_entry_guardpost_small, serial_bayou_pond_d, uniq_snorg,
          uniq_gastronok
Lair:4:   shoals_dummy_entry, st_stairs_9, infiniplex_staircase_pool,
          grunt_megastairs_5
Lair:5:   basic_altar, st_stairs_9
Lair:6:   minmay_lair_end_enchanted_forest, dpeg_slime_entry_enclosed_altar
Snake:2:  grunt_megastairs_2
Snake:3:  serial_bayou_shore_b, uniq_aizul
Orc:1:    lemuel_statue_altar
Orc:2:    st_orc_elflike, uniq_azrael, uniq_maurice
Ossuary:  ossuary_minmay_scorpions

Skill      XL: |  1  2  3  4  5  6  7  8  9 10 11 12 13 14 15 16 |
---------------+-------------------------------------------------+-----
Ice Magic      | 4 5 |  5.7
Conjurations   | 2 4 8 10 11 12 | 12.3
Spellcasting   | 3 6 9 10 11 12 13 14 | 14.0
Fighting       | 2 3 4 6 8 9 11 13 | 13.0
Short Blades   | 2 3 4 |  4.9
Dodging        | 2 5 6 8 |  8.1
Summonings     | 3 6 |  6.4
Fire Magic     | 7 10 11 12 | 12.7
Necromancy     | 5 |  5.4
Charms         | 4 5 |  5.3
Maces & Flails | 5 6 |  6.4
Shields        | 4 |  4.0
Stealth        | |  1.7

Action                   |  1- 3 |  4- 6 |  7- 9 | 10-12 | 13-15 | 16-18 || total
-------------------------+-------+-------+-------+-------+-------+-------++-------
Melee: Unarmed           |    35 |       |       |       |       |       ||    35
       Dagger            |    96 |    93 |   188 |   529 |   215 |       ||  1121
       Tailslap          |    13 |    11 |    22 |    60 |    96 |    21 ||   223
       Short sword       |       |       |       |       |   266 |       ||   266
       Mace              |       |       |       |       |   323 |   151 ||   474
       Staff             |       |       |       |       |     1 |       ||     1
 Cast: Freeze            |    27 |    23 |    32 |     1 |       |       ||    83
       Throw Frost       |     5 |    32 |    70 |    12 |       |       ||   119
       Throw Icicle      |       |       |       |   141 |    77 |    21 ||   239
       Summon Ice Beast  |       |       |       |     5 |    13 |    10 ||    28
       Sticky Flame      |       |       |       |    28 |   118 |    21 ||   167
       Fireball          |       |       |       |    33 |   225 |    78 ||   336
       Conjure Flame     |       |       |       |     5 |    25 |     1 ||    31
       Regeneration      |       |       |       |     3 |    15 |     4 ||    22
       Bolt of Magma     |       |       |       |       |    39 |    46 ||    85
       Animate Dead      |       |       |       |       |     9 |     5 ||    14
 Abil: Breathe Steam     |       |       |    26 |    52 |    76 |    23 ||   177
Evoke: Wand              |       |       |     6 |     4 |     6 |       ||    16
       Phantom mirror    |       |       |       |     1 |       |       ||     1
       Lamp of fire      |       |       |       |       |     1 |     1 ||     2
       Phial of floods   |       |       |       |       |       |     2 ||     2
  Use: Scroll            |     2 |     6 |     9 |    16 |    16 |     3 ||    52
       Potion            |       |     1 |     1 |     2 |     2 |     2 ||     8
 Stab: Sleeping          |     5 |       |     2 |     3 |     4 |       ||    14
       Confused          |       |       |       |     1 |       |       ||     1
       Distracted        |       |       |       |       |     3 |     1 ||     4
  Eat: Chunk             |     5 |     7 |     5 |    29 |    52 |       ||    98
       Bread ration      |       |       |     3 |     6 |    11 |     2 ||    22
       Fruit             |       |       |     1 |       |     2 |       ||     3
       Royal jelly       |       |       |       |       |     3 |     2 ||     5
       Meat ration       |       |       |       |       |       |     5 ||     5
Armor: Skin              |    53 |    31 |    65 |   150 |   280 |    64 ||   643
Dodge: Dodged            |   104 |    59 |   137 |   429 |   887 |   184 ||  1800
Block: Buckler           |       |       |       |       |       |    56 ||    56

Vault maps used:
D:1:      sevenhm_arrival_forest_fort_small_3, minmay_misc_feat_cross,
          minmay_cupped
D:2:      lemuel_crystal_altar, evilmike_ruin_ashenzari, minmay_domino_2
D:3:      nicolae_overflow_hidden_temple
D:4:      lemuel_round_altar, nicolae_overflow_crystal_walls, first_bread,
          guppyfry_shop_venom, uniq_duvessa, uniq_sigmund,
          uniq_crazy_yiuf_cottage, uniq_natasha
D:5:      temple_fountains
D:6:      trog_ov_bears_minmay, uniq_eustachio
D:7:      grunt_ogre_cave, uniq_pikel
D:8:      old_standard_altar, grunt_temple_overflow_open, special_room,
          lightli_ossuary_entry_decrepit_ruins
D:9:      kennysheep_housing_project, uniq_grum
D:10:     grunt_lair_entry_orc_guard_hut, serial_shops, shop
D:12:     erik_orc_4, kennysheep_kite_vault
D:13:     david_vaults_1, minivault_5
D:14:     nicolae_trove_entry_crossroad, nicolae_ru_sacrificial_ziggurat
D:15:     hangedman_depths_entry_try_elsewhere_first, uniq_rupert
Temple:   minmay_temple_bridge_abc
Lair:2:   lemuel_fruit_tree, uniq_fannar
Lair:3:   minmay_snake_entry_guardpost_small, serial_bayou_pond_d, uniq_snorg,
          uniq_gastronok
Lair:4:   shoals_dummy_entry, st_stairs_9, infiniplex_staircase_pool,
          grunt_megastairs_5
Lair:5:   basic_altar, st_stairs_9
Lair:6:   minmay_lair_end_enchanted_forest, dpeg_slime_entry_enclosed_altar
Snake:2:  grunt_megastairs_2
Snake:3:  serial_bayou_shore_b, uniq_aizul
Orc:1:    lemuel_statue_altar
Orc:2:    st_orc_elflike, uniq_azrael, uniq_maurice
Ossuary:  ossuary_minmay_scorpions

Table legend:
 A = Turns spent in this place as a percentage of turns spent in the entire game.
 B = Non-inter-level travel turns spent in this place as a percentage of non-inter-level travel turns spent in the entire game.
 C = Inter-level travel turns spent in this place as a percentage of turns spent in this place.
 D = Turns resting spent in this place as a percentage of non-inter-level travel turns spent in this place.
 E = Turns spent auto-exploring this place as a percentage of non-inter-level travel turns spent in this place.
 F = Non-inter-level travel turns spent in this place divided by the number of levels of this place that you've seen.
                   A       B       C       D       E      F
               +-------+-------+-------+-------+-------+----------------------
         Total | 100.0 | 100.0 |   0.6 |   5.0 |   8.7 | 370.2
       Dungeon |  54.9 |  54.9 |   0.6 |   4.6 |   9.8 | 379.4
        Temple |   0.2 |   0.2 |  10.0 |   0.0 |  11.1 |  18.0
          Lair |  20.6 |  20.6 |   0.6 |   4.8 |   7.2 | 355.8
     Snake Pit |  14.3 |  14.4 |   0.3 |   7.9 |   6.6 | 496.3
  Orcish Mines |   7.4 |   7.3 |   1.4 |   4.4 |  10.4 | 379.0
       Ossuary |   2.6 |   2.7 |   0.0 |   3.6 |   2.9 | 276.0
               +-------+-------+-------+-------+-------+----------------------

Table legend:
 A = Kills in this place as a percentage of kills in entire the game.
 B = Kills by you in this place as a percentage of kills by you in the entire game.
 C = Kills by friends in this place as a percentage of kills by friends in the entire game.
 D = Other kills in this place as a percentage of other kills in the entire game.
 E = Experience gained in this place as a percentage of experience gained in the entire game.
 F = Experience gained in this place divided by the number of levels of this place that you have seen.
                   A       B       C       D       E      F
               +-------+-------+-------+-------+-------+----------------------
         Total | 100.0 | 100.0 | 100.0 | 100.0 | 100.0 | 7014.8
       Dungeon |  54.0 |  54.5 |  45.7 |   0.0 |  39.4 | 5153.2
          Lair |  22.9 |  23.5 |   8.6 |   0.0 |  26.5 | 8674.5
     Snake Pit |  11.1 |  10.2 |  34.3 |  50.0 |  25.9 | 16974.0
  Orcish Mines |   9.5 |   9.4 |  11.4 |   0.0 |   7.8 | 7668.5
       Ossuary |   2.5 |   2.5 |   0.0 |  50.0 |   0.4 | 811.0
               +-------+-------+-------+-------+-------+----------------------
